 Dungeon Crawl Stone Soup version 0.31.0-11-ge490571c62 (webtiles) character file.

Game seed: 7627417348903762315

33 Gadfly the Ruffian (level 3, -1/26 HPs)
             Began as a Demonspawn Shapeshifter on Jan 27, 2024.
             Slain by an adder (2 damage)
             ... on level 2 of the Dungeon.
             The game lasted 00:01:17 (1316 turns).

Gadfly the Ruffian (Demonspawn Shapeshifter)        Turns: 1316, Time: 00:01:18

Health: -1/26      AC:  2    Str: 16    XL:     3   Next: 12%
Magic:  3/3        EV: 15    Int: 10    God:
Gold:   81         SH:  0    Dex: 12    Spells: 2/2 levels left

rFire   . .          .
                       - Unarmed
rCold   . . .        (no shield)
rNeg    + . .        a - +0 animal skin
rPois   .            (helmet currently unavailable)
rElec   .            (cloak currently unavailable)
rCorr   .            (gloves currently unavailable)
SInv    .            (boots currently unavailable)
Will    .....        (no amulet)
Stlth   +            h - ring of positive energy
HPRegen 0.24/turn    (no ring)
MPRegen 0.08/turn

%: no passive effects
@: beast-form
A: beast (slay +1), repulsion field 2
a: Begin Untransformation


You were on level 2 of the Dungeon.
You were a hulking beast.
You visited 1 branch of the dungeon, and saw 2 of its levels.

You collected 81 gold pieces.

Inventory:

Armour
 a - a +0 animal skin (worn)
Jewellery
 h - a ring of positive energy (left hand)
Talismans
 c - a beast talisman
 d - a flux talisman
Potions
 b - a potion of lignification
 e - a potion of might {unknown}


   Skills:
 + Level 1.5 Fighting
 * Level 2.3 Dodging
 + Level 2.9 Unarmed Combat
 * Level 1.1 Evocations
 + Level 2.8 Shapeshifting


You had 2 spell levels left.
You didn't know any spells.
Your spell library was empty.

Dungeon Overview and Level Annotations

Branches:
Dungeon (2/15)

Altars:


Innate Abilities, Weirdness & Mutations

You are a hulking beast.
Your limbs bulge with bestial killing power. (Slay +1)
You are surrounded by a moderate repulsion field. (EV +3)


Message History

You hit the adder but do no damage.
You feel sick. The giant cockroach misses you. The adder bites you.
You are too injured to fight recklessly!
You are too injured to fight recklessly!
You are too injured to fight recklessly!
You are too injured to fight recklessly!
You are too injured to fight recklessly!
You are too injured to fight recklessly!
You are too injured to fight recklessly!
You are too injured to fight recklessly!
You are too injured to fight recklessly!
You are too injured to fight recklessly!
You are too injured to fight recklessly!
You are too injured to fight recklessly!
Unknown command.
You feel sick. The giant cockroach misses you.
You see here a murky red potion.
You barely miss the giant cockroach.
You feel sick. The giant cockroach misses you.
You hit the giant cockroach.
The giant cockroach is heavily wounded.
You feel sick. The giant cockroach barely misses you.
You hit the giant cockroach.
You kill the giant cockroach!
You feel sick.
You hit the adder.
The adder is heavily wounded.
The adder bites you.
* * * LOW HITPOINT WARNING * * *
You hit the adder but do no damage.
The adder is heavily wounded.
You feel sick. The adder closely misses you. The adder bites you.
* * * LOW HITPOINT WARNING * * *
You barely miss the adder.
The adder is heavily wounded.
* * * LOW HITPOINT WARNING * * *
You feel sick.
You are no longer poisoned.
The adder bites you.
You die...

#... #..<
#.... #....
#..... #.....#
. .......####
.# ....?..Sh.#
.##
......##..#...
####. #.##.#
#.###....#
#...#..###
#.....#
#.##..# ..
#<.#
###......#


You could see an adder.

Vanquished Creatures
  A ball python (D:1)
  4 endoplasms (D:1)
  3 giant cockroaches
  2 goblins (D:1)
  5 hobgoblins (D:1)
  3 quokkas (D:1)
  4 bats
  2 frilled lizards (D:1)
  2 kobolds (D:1)
  A rat (D:1)
27 creatures vanquished.

Notes
Turn   | Place    | Note
-------+----------+-------------------------------------------
     0 | D:1      | Gadfly the Demonspawn Shapeshifter began the quest for the
                  | Orb.
     0 | D:1      | Reached XP level 1. HP: 15/15 MP: 1/1
   164 | D:1      | Gained mutation: You are surrounded by a mild repulsion
                  | field. (EV +2) [demonic ancestry]
   164 | D:1      | Reached XP level 2. HP: 21/21 MP: 2/2
   665 | D:1      | Reached skill level 1 in Evocations
  1101 | D:1      | Gained mutation: You are surrounded by a moderate repulsion
                  | field. (EV +3) [demonic ancestry]
  1101 | D:1      | Reached XP level 3. HP: 26/26 MP: 3/3
  1316 | D:2      | HP: 1/26 [poisoned by an adder]
  1316 | D:2      | Slain by an adder

Illustrated notes

Levels and vault maps discovered:
D:1:      orjb1_clovarrival, layout_rooms, serial_co_window_serial,
          co_window_of_opportunity_a, co_window_of_opportunity_a,
          co_window_paths_b, co_window_corner_a, co_window_of_opportunity_a,
          co_window_corner_b, co_window_unsneaky_path_d, co_window_broadway_b,
          co_window_2corner, co_window_2corner, co_window_paths_c,
          co_window_sun, glass_columns_a, glass_columns_a, minmay_hedge_maze
D:2:      layout_rooms, minivault_5, minmay_tetromino_s4

Skill      XL: |  1  2 |
---------------+-------+-----
Dodging        | 2 |  2.3
Evocations     | 1 |  1.1
Fighting       | |  1.5
Unarmed Combat | |  2.9
Shapeshifting  | |  2.8

Action                     || total
---------------------------++-------
  Melee: Unarmed           ||    89
         Punch             ||     2
    Use: Scroll            ||     3
   Stab: Sleeping          ||     3
 Armour: Animal skin       ||    32
  Dodge: Dodged            ||    62
